 Dungeon Sprint DCSS version 0.21-a0-251-g5e8393f (webtiles) character file.

5961 Kidiri the Eclecticist (level 10, -8/61 HPs)
             Began as a Deep Elf Fire Elementalist on Sept 5, 2017.
             Was the Champion of Vehumet.
             Mangled by a spiny frog (22 damage)
             ... in the Dungeon (Sprint III: "The Ten Rune Challenge").
             The game lasted 00:09:08 (1979 turns).

Kidiri the Eclecticist (Deep Elf Fire Elementalist) Turns: 1979, Time: 00:09:09

Health: -8/61      AC:  4    Str:  5    XL:     10   Next: 54%
Magic:  2/32       EV: 19    Int: 24    God:    Vehumet [******]
Gold:   21         SH:  0    Dex: 15    Spells: 11/41 levels left

rFire    . . .     SeeInvis .   j - +0 short sword
rCold    . . .     Gourm    .   (no shield)
rNeg     . . .     Faith    .   a - +0 robe
rPois    .         Spirit   .   (no helmet)
rElec    .         Reflect  .   (no cloak)
rCorr    .         Harm     .   (no gloves)
MR       +....     NoTele   +   (no boots)
Stlth    ++........             (no amulet)
HPRegen  0.20/turn              (no ring)
MPRegen  0.23/turn              (no ring)

@: very slightly contaminated, very slow
A: thin metallic scales 1, camouflage 1, wild magic 1
a: Renounce Religion


You were in the Dungeon.
You worshipped Vehumet.
Vehumet was exalted by your worship.
You were not hungry.

You visited 1 branch You collected 21 gold pieces.

Inventory:

Hand Weapons
 j - a +0 short sword (weapon)
Armour
 a - a +0 robe (worn)
Scrolls
 k - a scroll of holy word
 m - 2 scrolls of remove curse {unknown}
Potions
 d - a potion of curing
 e - a potion of heal wounds
 f - a potion of haste
 g - 2 potions of magic
 h - 2 potions of berserk rage
 n - 2 potions of cancellation {unknown}
 q - a potion of might
 r - 2 potions of mutation
Books
 b - a book of Flames

   Spells                             Type                      Level
   a - Flame Tongue                   Conjuration/Fire             1
   b - Throw Flame                    Conjuration/Fire             2
   c - Conjure Flame                  Conjuration/Fire             3
   d - Inner Flame                    Hexes/Fire                   3
   e - Sticky Flame                   Conjuration/Fire             4
   f - Fireball                       Conjuration/Fire             5
Comestibles
 c - 2 bread rations
 l - 27 royal jellies


   Skills:
 + Level 6.6 Fighting
 + Level 7.9 Short Blades
 + Level 6.3 Armour
 + Level 9.8 Dodging
 - Level 2.4 Stealth
 * Level 16.1 Spellcasting
 + Level 10.1 Conjurations
 + Level 10.6 Fire Magic
 + Level 2.0 Air Magic
 + Level 6.0 Earth Magic
 + Level 6.8 Poison Magic


You had 11 spell levels left.
You knew the following spells:

 Your Spells              Type           Power        Failure   Level  Hunger
a - Flame Tongue          Conj/Fire      #####        1%          1    None
b - Throw Flame           Conj/Fire      ######       1%          2    None
c - Conjure Flame         Conj/Fire      ######..     1%          3    None
d - Inner Flame           Hex/Fire       ######..     1%          3    None
e - Sticky Flame          Conj/Fire      ######..     1%          4    None
f - Fireball              Conj/Fire      ######....   1%          5    #......
g - Airstrike             Air            #####.....   4%          4    None
h - Sandblast             Erth           ######       1%          1    None
i - Sting                 Conj/Pois      ####         1%          1    None
j - Poison Arrow          Conj/Pois      ######....   5%          6    ####...


Dungeon Overview and Level Annotations

Branches:
Dungeon (1/1)

Altars:
Cheibriados
Dithmenos
Elyvilon
Fedhas
Gozag
Hepliaklqana
Kikubaaqudgha
Makhleb
Nemelex Xobeh
Okawaru
Qazlal
Ru
Sif Muna
Trog
Uskayaw
Vehumet
Wu Jian
Xom
Yredelemnul
Zin
The Shining One
Beogh
Jiyva
Lugonu

Annotations:
D exclusion: 2 doors


Innate Abilities, Weirdness & Mutations

You are partially covered in thin metallic scales. (AC +2)
Your skin changes colour to match your surroundings (Stealth+).
Your spells are a little harder to cast, but a little more powerful.


Message History

You kill the komodo dragon!
Vehumet accepts your kill.
You feel your power returning.
Your Air Magic skill increases to level 2!
Your Earth Magic skill increases to level 6!
Casting: Poison Arrow
Confirm with . or Enter, or press ? or * to list all spells.
Aiming: Poison Arrow
Press: ? - help, Shift-Dir - straight line, f - spiny frog
Aim: a spiny frog The poison arrow hits the spiny frog.
The spiny frog partially resists.
The spiny frog is poisoned.
The spiny frog is moderately wounded.
Casting: Poison Arrow
Confirm with . or Enter, or press ? or * to list all spells.
Okay, then.
You enter the shallow water.
Moving in this stuff is going to be slow.
The spiny frog stings you!!
You die...

.......# ######'#
#__#...#+########################
#__#...#..≈≈≈'.#.'...+.#.#.#.%%%.
#__#...#.#≈§§#.#.#...##.#.#.##.%.
#__#...§§#§§§#.#.#...#.#.#.#.#%.%
#__+...#.#§§§#...#)..##.#.#.##.%.
▓▓▓▓▓▓▓▓▓▓▓▓▓▓▓▓▓▓▓▓▓#.#.#.#.#..%
♣≈≈≈........F@≈...##.#.#.##...
♣†♣≈≈≈≈≈≈≈≈≈≈≈≈♣♣P.'.#.#.#.#...
.F♣♣♣♣♣♣♣♣♣♣♣♣♣♣♣♣PP##.#.#.#####
#.. ♣♣♣##+##### ##


You could see a spiny frog.

Vanquished Creatures
  Erica (D)
  A centaur warrior (D)
  An unseen horror (D)
  A deep elf mage (D)
  A spiny frog (D)
  A komodo dragon (D)
  A queen bee (D)
  3 wandering mushrooms (D)
  A shadow (D)
  A spatial vortex (D)
  A necrophage (D)
  2 centaurs (D)
  A water elemental (D)
  32 killer bees (D)
  A wizard (D)
  A jelly (D)
  A necromancer (D)
  3 humans (D)
  A kobold demonologist (D)
  2 oozes (D)
  A phantom (D)
  2 rats (D)
60 creatures vanquished.

Vanquished Creatures (others)
  2 draconian scorchers (D)
  6 hellions (D)
  2 yaktaurs (D)
  An electric eel (D)
11 creatures vanquished.

Grand Total: 71 creatures vanquished

Notes
Turn   | Place    | Note
-------+----------+-------------------------------------------
     0 | D        | Kidiri the Deep Elf Fire Elementalist began the quest for the Orb.
     0 | D        | Reached XP level 1. HP: 10/10 MP: 6/6
     5 | D        | Reached skill level 4 in Spellcasting
    46 | D        | Reached XP level 2. HP: 15/15 MP: 4/9
    50 | D        | Learned a level 2 spell: Throw Flame
    59 | D        | Killed a yaktaur
    97 | D        | Reached skill level 5 in Spellcasting
   112 | D        | Killed a hellion
   119 | D        | Killed a hellion
   119 | D        | Killed a hellion
   149 | D        | Gained mutation: Your magical capacity is low. (-10% MP) [potion of mutation]
   149 | D        | Gained mutation: You are somewhat resistant to further mutation. [potion of mutation]
   150 | D        | Lost mutation: Your magical capacity is low. (-10% MP) [potion of mutation]
   150 | D        | Lost mutation: You are somewhat resistant to further mutation. [potion of mutation]
   150 | D        | Gained mutation: Your skin changes colour to match your surroundings (Stealth+). [potion of mutation]
   150 | D        | Gained mutation: Your spells are a little harder to cast, but a little more powerful. [potion of mutation]
   150 | D        | Gained mutation: You are partially covered in thin metallic scales. (AC +2) [potion of mutation]
   151 | D        | Killed a hellion
   168 | D        | Reached skill level 6 in Spellcasting
   168 | D        | Reached XP level 3. HP: 19/19 MP: 7/13
   173 | D        | Learned a level 3 spell: Conjure Flame
   177 | D        | Learned a level 3 spell: Inner Flame
   194 | D        | Killed a hellion
   196 | D        | Killed a hellion
   204 | D        | Killed a white draconian scorcher
   210 | D        | Noticed a water elemental
   213 | D        | Killed a water elemental
   213 | D        | Reached skill level 8 in Spellcasting
   213 | D        | Reached skill level 5 in Fire Magic
   213 | D        | Reached XP level 4. HP: 24/24 MP: 7/16
   220 | D        | Learned a level 4 spell: Sticky Flame
   225 | D        | Killed a white draconian scorcher
   269 | D        | Found a radiant altar of Vehumet.
   270 | D        | Noticed a wizard
   271 | D        | Killed a wizard
   271 | D        | Reached skill level 9 in Spellcasting
   271 | D        | Reached skill level 5 in Conjurations
   272 | D        | Found a deep blue altar of Sif Muna.
   272 | D        | Found an ancient bone altar of Kikubaaqudgha.
   292 | D        | Became a worshipper of Vehumet
   310 | D        | Killed a yaktaur
   378 | D        | Found a glowing silver altar of Zin.
   379 | D        | Found a glowing golden altar of the Shining One.
   379 | D        | Found a white marble altar of Elyvilon.
   379 | D        | Noticed a deep elf mage
   386 | D        | Killed a deep elf mage
   386 | D        | Reached skill level 5 in Dodging
   386 | D        | Reached skill level 12 in Spellcasting
   386 | D        | Reached XP level 5. HP: 30/32 MP: 10/21
   386 | D        | Reached XP level 6. HP: 35/37 MP: 10/23
   386 | D        | Reached XP level 7. HP: 39/41 MP: 10/24
   393 | D        | Learned a level 5 spell: Fireball
   458 | D        | Found an ornate altar of the Wu Jian Council.
   458 | D        | Found a roughly hewn altar of Beogh.
   458 | D        | Found an iron altar of Okawaru.
   458 | D        | Found a bloodstained altar of Trog.
   458 | D        | Found a hide-covered altar of Uskayaw.
   458 | D        | Noticed a human
   460 | D        | Noticed a human
   462 | D        | Killed a human
   469 | D        | Killed a human
   469 | D        | Reached * piety under Vehumet
   469 | D        | Offered knowledge of Sting by Vehumet.
   472 | D        | Learned a level 1 spell: Sting
   573 | D        | Found a basalt altar of Yredelemnul.
   573 | D        | Found a shadowy altar of Dithmenos.
   573 | D        | Found a sacrificial altar of Ru.
   578 | D        | Reached skill level 1 in Poison Magic
   620 | D        | Noticed a shadow
   623 | D        | Killed a shadow
   623 | D        | Reached ** piety under Vehumet
   623 | D        | Offered knowledge of Sandblast by Vehumet.
   623 | D        | Reached skill level 5 in Short Blades
   623 | D        | Reached skill level 13 in Spellcasting
   623 | D        | Reached XP level 8. HP: 26/48 MP: 18/27
   627 | D        | Learned a level 1 spell: Sandblast
   747 | D        | Found a blossoming altar of Fedhas.
   747 | D        | Found a stormy altar of Qazlal.
   747 | D        | Found a snail-covered altar of Cheibriados.
   747 | D        | Found a burning altar of Makhleb.
   747 | D        | Found a shimmering altar of Xom.
   748 | D        | Found a hazy altar of Hepliaklqana.
   748 | D        | Found an opulent altar of Gozag.
   748 | D        | Found a sparkling altar of Nemelex Xobeh.
   748 | D        | Found a corrupted altar of Lugonu.
   748 | D        | Found a viscous altar of Jiyva.
   766 | D        | Reached skill level 1 in Earth Magic
   839 | D        | Noticed Erica
   843 | D        | Killed Erica
   843 | D        | Offered knowledge of Searing Ray by Vehumet.
   843 | D        | Reached skill level 14 in Spellcasting
  1180 | D        | Noticed a centaur warrior
  1181 | D        | Reached skill level 5 in Fighting
  1181 | D        | Reached XP level 9. HP: 54/54 MP: 23/29
  1182 | D        | Reached *** piety under Vehumet
  1187 | D        | Killed a centaur warrior
  1187 | D        | Offered knowledge of Dazzling Spray by Vehumet.
  1187 | D        | Reached skill level 5 in Armour
  1376 | D        | Noticed an unseen horror
  1379 | D        | Killed an unseen horror
  1379 | D        | Reached skill level 15 in Spellcasting
  1379 | D        | Reached skill level 5 in Poison Magic
  1611 | D        | Reached **** piety under Vehumet
  1611 | D        | Offered knowledge of Airstrike by Vehumet.
  1611 | D        | Reached ***** piety under Vehumet
  1618 | D        | Reached skill level 10 in Fire Magic
  1618 | D        | Reached ****** piety under Vehumet
  1618 | D        | Reached skill level 5 in Earth Magic
  1618 | D        | Reached XP level 10. HP: 60/60 MP: 23/31
  1726 | D        | Learned a level 4 spell: Airstrike
  1826 | D        | Offered knowledge of Poison Arrow by Vehumet.
  1834 | D        | Learned a level 6 spell: Poison Arrow
  1847 | D        | Reached skill level 1 in Air Magic
  1964 | D        | Noticed a spiny frog
  1964 | D        | Noticed a spiny frog
  1969 | D        | Killed a spiny frog
  1969 | D        | Reached skill level 16 in Spellcasting
  1969 | D        | Reached skill level 10 in Conjurations
  1979 | D        | Mangled by a spiny frog

Vault maps used:
D:        dungeon_sprint_mu

Skill      XL: |  1  2  3  4  5  6  7  8  9 10 |
---------------+-------------------------------+-----
Spellcasting   | 4 6 8 12 13 14 15 16 | 16.1
Conjurations   | 2 3 4 6 7 8 9 10 | 10.1
Fire Magic     | 4 5 7 8 9 10 | 10.6
Fighting       | 3 4 5 6 |  6.6
Short Blades   | 3 5 7 |  7.9
Armour         | 3 4 5 6 |  6.3
Dodging        | 5 6 7 9 |  9.8
Poison Magic   | 1 3 5 6 |  6.8
Earth Magic    | 3 5 6 |  6.0
Air Magic      | 2 |  2.0
Stealth        | |  2.4

Action                   |  1- 3 |  4- 6 |  7- 9 | 10-12 || total
-------------------------+-------+-------+-------+-------++-------
Melee: Short sword       |       |       |     3 |     1 ||     4
 Cast: Flame Tongue      |    14 |     7 |    40 |    25 ||    86
       Conjure Flame     |     1 |       |     4 |     1 ||     6
       Sticky Flame      |       |     2 |     3 |     2 ||     7
       Fireball          |       |       |     8 |       ||     8
       Inner Flame       |       |       |     6 |     3 ||     9
       Poison Arrow      |       |       |       |     8 ||     8
  Use: Scroll            |     3 |       |       |     1 ||     4
       Potion            |     2 |       |       |       ||     2
  Eat: Royal jelly       |       |       |     2 |     1 ||     3
Armor: Robe              |       |     1 |       |       ||     1
Dodge: Dodged            |       |     3 |     6 |     4 ||    13

Table legend:
 A = Spawn XP
 B = Non-spawn XP
 C = Spawn XP percentage of total XP
 D = Spawn monster count
 E = Non-spawn monster count
 F = Spawn count percentage of total count
 G = Total turns spent on level
                    A         B        C        D         E        F      G
               +---------+---------+-------+---------+---------+-------+---------
         Total |       0 |    8517 |   0.0 |       0 |      60 |   0.0 |  1979
               +---------+---------+-------+---------+---------+-------+---------
             D |       0 |    8517 |   0.0 |       0 |      60 |   0.0 |  1979
               +---------+---------+-------+---------+---------+-------+---------
